 Dungeon Crawl Stone Soup version bcrawl-1.38.3 (webtiles) character file.

Game seed: 6853309290744997028

148188 vcxz the Sneak (level 4, 27/39 HPs)
             Began as a Naga Archaeologist on June 8, 2023.
             Was a Follower of Vehumet.
             Quit the game on level 2 of the Dungeon.
             The game lasted 00:01:45 (1124 turns).

vcxz the Sneak (Naga Archaeologist)                 Turns: 1124, Time: 00:01:46

Health: 27/39      AC:  4    Str: 18    XL:     4   Next: 7%
Magic:  4/4        EV: 12    Int: 13    God:    Vehumet [*.....]
Gold:   45         SH:  0    Dex: 10    Spells: 3/3 levels left

rFire    . . .     GDR:     22% a - +0 whip
rCold    . . .     SeeInvis +   (no shield)
rNeg     . . .     Gourm    .   c - +1 robe
rPois    +         Faith    .   d - +1 hat
rElec    .         Spirit   .   (no cloak)
rCorr    .         Reflect  .   (no gloves)
MR       .....                  (no barding)
Stlth    +++.......             (no amulet)
HPRegen  0.16/turn              (no ring)
MPRegen  0.09/turn              (no ring)

@: mighty, sluggish, very slow
A: large, tail, swims, horns 1, repulsion field 1, see invisible, deformed body,
dopey 1, frail 1, mutation resistance 1, poison resistance, slowness 2, slow
metabolism 1, spit poison 1, AC +1
a: Spit Poison, Renounce Religion


You were on level 2 of the Dungeon.
You worshipped Vehumet.
Vehumet was aware of your devotion.
You were not hungry.

You visited 1 branch of the dungeon, and saw 2 of its levels.

You collected 45 gold pieces.

Inventory:

Hand Weapons
 a - a +0 whip (weapon)
 b - a +0 blowgun
Missiles
 f - 6 curare-tipped needles
Armour
 c - a +1 robe (worn)
 d - a +1 hat (worn)
 s - a +1 robe
Jewellery
 t - an uncursed amulet of the gourmand {unknown}
Scrolls
 g - a scroll of magic mapping
 i - 2 scrolls of identify
 j - a scroll of enchant weapon {unknown}
 m - 5 scrolls of remove curse {unknown}
 n - a scroll of amnesia {unknown}
Potions
 l - 2 potions of flight
 r - 2 potions of brilliance {unknown}
Miscellaneous
 h - a dusty tome
Comestibles
 e - 4 rations {!d}
 q - 4 chunks of flesh


   Skills:
 * Level 3.8 Fighting
 - Level 1.0 Maces & Flails
 - Level 2.4 Dodging
 - Level 4.8 Stealth


You had 3 spell levels left.
You didn't know any spells.
Your spell library was empty.

Dungeon Overview and Level Annotations

Branches:
Dungeon (2/12)

Altars:
Vehumet


Innate Abilities, Weirdness & Mutations

You cannot wear boots.
You can swim through water.
Your serpentine skin is tough. (AC +1)
You have supernaturally acute eyesight. (SInv)
Armour fits poorly on your strangely shaped body.
Your system is resistant to poisons. (rPois)
You cover ground very slowly.
You have a slow metabolism.
You can spit poison.
You have a pair of small horns on your head.
You are surrounded by a mild repulsion field. (EV +2)
You are dopey. (Int -2)
You are frail. (-10% HP)
You are somewhat resistant to further mutation.


Message History

You feel yourself slow down.
Items here: )) †† a +0 falchion; a +0 club; a worm corpse; a bat corpse You are starting to lose your buoyancy.
You start to feel a little slower.
There is a faded altar of an unknown god here.
You cannot tell which god this altar belongs to.
Convert to them anyway?
Okay, then.
You feel sluggish.
You float gracefully downwards.
There is a faded altar of an unknown god here.
You cannot tell which god this altar belongs to.
Convert to them anyway?
Okay, then.
You cannot tell which god this altar belongs to.
Convert to them anyway?
Vehumet accepts your prayer! Vehumet welcomes you!
Vehumet is aiding your destructive magics.
Vehumet offers you knowledge of Magic Dart.
No path to travel!
Are you sure you want to abandon this character and quit the game? (Confirm with "yes".)

#....).......##
######........##
#.......>...
###....).....#
#.....)......#
###.#..........#
#............<.#
#..#............
#.#@#.........##
#..#...........#
#..............#
...###.........
###. #?........
#. #........ ##
#...... #....


There were no monsters in sight!

Vanquished Creatures
  A worker ant (D:2)
  A worm (D:2)
  2 dart slugs
  2 leopard geckos (D:1)
  A ball python (D:2)
  3 goblins (D:1)
  5 hobgoblins (D:2)
  A jackal (D:1)
  2 kobolds
  A quokka (D:2)
  4 bats
  A frilled lizard (D:1)
  2 rats (D:1)
26 creatures vanquished.

Notes
Turn   | Place    | Note
-------+----------+-------------------------------------------
     0 | D:1      | vcxz the Naga Archaeologist began the quest for the Orb.
     0 | D:1      | Reached XP level 1. HP: 18/18 MP: 1/1
   119 | D:1      | Reached XP level 2. HP: 26/26 MP: 2/2
   875 | D:2      | Reached XP level 3. HP: 12/34 MP: 3/3
  1024 | D:2      | Found a faded altar of an unknown god.
  1049 | D:2      | Gained mutation: You are weak. (Str -2) [potion of
                  | mutation]
  1049 | D:2      | Gained mutation: You are surrounded by a mild repulsion
                  | field. (EV +2) [potion of mutation]
  1059 | D:2      | Reached XP level 4. HP: 14/44 MP: 4/4
  1073 | D:2      | Lost mutation: You are weak. (Str -2) [potion of mutation]
  1073 | D:2      | Gained mutation: You are frail. (-10% HP) [potion of
                  | mutation]
  1073 | D:2      | Gained mutation: You are dopey. (Int -2) [potion of
                  | mutation]
  1073 | D:2      | Gained mutation: You are somewhat resistant to further
                  | mutation. [potion of mutation]
  1073 | D:2      | Gained mutation: You have a pair of small horns on your
                  | head. [potion of mutation]
  1123 | D:2      | Prayed at the altar of an unknown god.
  1123 | D:2      | Became a worshipper of Vehumet
  1123 | D:2      | Reached * piety under Vehumet
  1123 | D:2      | Offered knowledge of Magic Dart by Vehumet.
  1124 | D:2      | Quit the game

Skill      XL: |  1  2 |
---------------+-------+-----
Fighting       | 2 3 |  3.8
Maces & Flails | |  1.0
Dodging        | |  2.4
Stealth        | |  4.8

Action                   |  1- 3 |  4- 6 || total
-------------------------+-------+-------++-------
Melee: Whip              |   100 |     1 ||   101
 Abil: Spit Poison       |     3 |       ||     3
  Use: Potion            |     4 |     1 ||     5
 Stab: Sleeping          |     4 |     1 ||     5
  Eat: Chunk             |     2 |     1 ||     3
Armor: Robe              |    42 |       ||    42
Dodge: Dodged            |    61 |       ||    61
